General information
- name: BNet
- type: Ladder team game (AT/RT)
- host: Battle.net
- saver: jawdji9awjidawj
map: Cherryville
- players: 8
- length: 31:29
- speed: Fast
- version: 1.26 W3XP
- replay type: Public
» download(141 KB)
Players
team 1 (loser)
ThunderKiss (
teal | 56 APM | 1749 actions | 31:26)
5 Archmage
3 Summon Water Elemental
2 Brilliance Aura
4 Mountain King
2 Storm Bolt
2 Bash
» actions
| Assign group hotkey | 87 | |
| Basic commands | 97 | |
| Build / train | 60 | |
| Enter build submenu | 31 | |
| Enter hero's abilities submenu | 9 | |
| Give item / drop item | 4 | |
| Remove unit from queue | 1 | |
| Right click | 860 | |
| Select / deselect | 329 | |
| Select group hotkey | 129 | |
| Use ability | 142 | |
1749 total
» units
| Peasant | 12 | |
| Footman | 3 | |
| Goblin Shredder | 1 | |
| Gryphon Rider | 8 | |
24 total
» upgrades
| Masonry | 3 | |
| Lumber Harvesting | 1 | |
| Storm Hammers | 1 | |
| Swords | 3 | |
| Armor | 3 | |
| Animal War Training | 1 | |
12 total
» buildings
| Altar of Kings | 1 | |
| Barracks | 1 | |
| Farm | 9 | |
| Arcane Vault | 1 | |
| Town Hall | 3 | |
| Keep | 1 | |
| Lumber Mill | 2 | |
| Gryphon Aviary | 3 | |
| Castle | 1 | |
| Blacksmith | 2 | |
| Scout Tower | 6 | |
| Guard Tower | 1 | |
31 total
» build order
00:47 Altar of Kings
00:49 Barracks
01:20 Farm
01:22 Farm
01:22 Farm
03:02 Farm
03:03 Farm
03:36 Arcane Vault
04:13 Town Hall
05:13 Keep
08:19 Lumber Mill
09:22 Gryphon Aviary
09:23 Gryphon Aviary
09:24 Gryphon Aviary
11:12 Castle
11:21 Lumber Mill
11:34 Town Hall
12:39 Blacksmith
12:41 Blacksmith
13:02 Scout Tower
13:03 Scout Tower
13:04 Scout Tower
13:07 Scout Tower
14:01 Scout Tower
14:02 Scout Tower
14:23 Farm
14:23 Farm
14:24 Farm
14:31 Guard Tower
17:34 Farm
24:05 Town Hall
» items
| Scroll of Regeneration | 3 | |
| Boots of Speed | 1 | |
| Staff of Teleportation | 1 | |
| Periapt of Vitality | 1 | |
| Potion of Lesser Invulnerability | 1 | |
| Potion of Healing | 2 | |
9 total

»
dansmart24 (
green | 34 APM | 905 actions | 26:24)
4 Mountain King
2 Storm Bolt
2 Bash
5 Demon Hunter
3 Mana Burn
2 Evasion
3 Paladin
2 Holy Light
1 Devotion Aura
» actions
| Assign group hotkey | 8 | |
| Build / train | 118 | |
| Enter build submenu | 39 | |
| Enter hero's abilities submenu | 12 | |
| Right click | 272 | |
| Select / deselect | 382 | |
| Select group hotkey | 12 | |
| Use ability | 62 | |
905 total
» units
| Peasant | 14 | |
| Wisp | 17 | |
| Footman | 5 | |
| Archer | 14 | |
| Hippogryph | 7 | |
| Knight | 15 | |
72 total
» upgrades
| Masonry | 2 | |
| Strength of the Moon | 3 | |
| Swords | 3 | |
| Plating | 3 | |
| Moon Armor | 3 | |
| Ultravision | 1 | |
| Hippogryph Taming | 1 | |
| Well Spring | 1 | |
| Animal War Training | 1 | |
| Strength of the Wild | 1 | |
| Marksmanship | 1 | |
| Improved Bows | 1 | |
21 total
» buildings
| Altar of Kings | 1 | |
| Barracks | 2 | |
| Moon Well | 7 | |
| Ancient of War | 2 | |
| Altar of Elders | 1 | |
| Farm | 10 | |
| Lumber Mill | 1 | |
| Scout Tower | 6 | |
| Arcane Vault | 1 | |
| Guard Tower | 6 | |
| Tree of Ages | 1 | |
| Keep | 1 | |
| Hunter's Hall | 1 | |
| Blacksmith | 1 | |
| Ancient of Wind | 3 | |
| Castle | 1 | |
| Tree of Eternity | 1 | |
46 total
» build order
00:21 Altar of Kings
00:26 Barracks
00:31 Moon Well
01:10 Ancient of War
01:14 Altar of Elders
01:29 Farm
01:35 Farm
01:42 Lumber Mill
01:55 Moon Well
02:17 Farm
02:21 Farm
02:32 Ancient of War
02:56 Scout Tower
03:00 Arcane Vault
03:15 Moon Well
03:27 Guard Tower
03:29 Scout Tower
03:55 Tree of Ages
04:01 Keep
04:09 Guard Tower
04:16 Hunter's Hall
04:53 Blacksmith
05:50 Scout Tower
05:55 Farm
06:45 Ancient of Wind
06:47 Ancient of Wind
06:52 Moon Well
07:08 Barracks
07:11 Farm
07:14 Castle
07:44 Guard Tower
07:48 Scout Tower
07:52 Tree of Eternity
07:58 Ancient of Wind
08:20 Guard Tower
08:26 Scout Tower
08:29 Farm
08:32 Farm
09:20 Guard Tower
09:23 Farm
09:25 Farm
09:28 Scout Tower
10:11 Guard Tower
11:02 Moon Well
13:29 Moon Well
14:37 Moon Well
zargoth (
pink | 26 APM | 617 actions | 24:01)
3 Blademaster
1 Wind Walk
1 Critical Strike
1 Mirror Image
2 Shadow Hunter
1 Serpent Ward
1 Hex
2 Far Seer
1 Feral Spirit
1 Chain Lighting
» actions
| Assign group hotkey | 3 | |
| Basic commands | 20 | |
| Build / train | 69 | |
| ESC pressed | 10 | |
| Enter build submenu | 13 | |
| Enter hero's abilities submenu | 13 | |
| Remove unit from queue | 1 | |
| Right click | 280 | |
| Select / deselect | 169 | |
| Select group hotkey | 5 | |
| Use ability | 34 | |
617 total
» units
| Peon | 6 | |
| Grunt | 19 | |
| Troll Headhunter/Berserker | 16 | |
| Raider | 7 | |
48 total
» upgrades
| Melee Weapons | 2 | |
| Armor | 2 | |
| Ranged Weapons | 1 | |
| Berserker Strength | 1 | |
| Troll Regeneration | 1 | |
| Berserker Upgrade | 1 | |
8 total
» buildings
| Barracks | 2 | |
| Orc Burrow | 12 | |
| Altar of Storms | 1 | |
| War Mill | 1 | |
| Stronghold | 1 | |
| Beastiary | 1 | |
| Fortress | 1 | |
19 total
» build order
00:31 Barracks
00:54 Orc Burrow
01:32 Altar of Storms
02:30 War Mill
02:51 Orc Burrow
02:53 Orc Burrow
02:56 Orc Burrow
03:51 Stronghold
05:48 Orc Burrow
05:50 Orc Burrow
07:18 Beastiary
08:54 Orc Burrow
09:52 Orc Burrow
12:29 Fortress
13:43 Orc Burrow
13:44 Orc Burrow
13:45 Orc Burrow
13:49 Orc Burrow
22:16 Barracks
team 2 (winner)
jawdji9awjidawj (
orange | 55 APM | 1720 actions | 31:29)
10 Blood Mage
3 Flame Strike
3 Banish
1 Summon Phoenix
3 Siphon Mana
» actions
| Assign group hotkey | 52 | |
| Basic commands | 15 | |
| Build / train | 106 | |
| Enter build submenu | 34 | |
| Enter hero's abilities submenu | 11 | |
| Give item / drop item | 5 | |
| Remove unit from queue | 5 | |
| Right click | 638 | |
| Select / deselect | 433 | |
| Select group hotkey | 334 | |
| Use ability | 87 | |
1720 total
» units
| Peasant | 9 | |
| Footman | 7 | |
| Goblin Shredder | 2 | |
| Gryphon Rider | 14 | |
| Knight | 3 | |
| Dragonhawk Rider | 2 | |
37 total
» upgrades
| Masonry | 3 | |
| Swords | 3 | |
| Animal War Training | 1 | |
| Storm Hammers | 1 | |
| Armor | 3 | |
| Plating | 3 | |
| Gunpowder | 3 | |
| Cloud | 1 | |
| Barrage | 1 | |
| Flying Machine Bombs | 1 | |
| Flak Cannons | 1 | |
| Fragmentation Shards | 1 | |
| Lumber Harvesting | 2 | |
| Long Rifles | 1 | |
| Defend | 1 | |
| Flare | 1 | |
| Backpack | 1 | |
28 total
» buildings
| Altar of Kings | 1 | |
| Farm | 8 | |
| Barracks | 1 | |
| Scout Tower | 13 | |
| Arcane Vault | 2 | |
| Arcane Tower | 1 | |
| Keep | 1 | |
| Lumber Mill | 1 | |
| Guard Tower | 6 | |
| Castle | 1 | |
| Gryphon Aviary | 2 | |
| Blacksmith | 1 | |
| Town Hall | 2 | |
| Workshop | 1 | |
41 total
» build order
00:04 Altar of Kings
00:08 Farm
00:11 Barracks
01:16 Farm
02:05 Farm
02:37 Scout Tower
02:54 Arcane Vault
03:11 Farm
03:13 Arcane Tower
05:06 Keep
05:34 Lumber Mill
05:54 Scout Tower
05:57 Scout Tower
05:58 Scout Tower
06:36 Guard Tower
06:37 Guard Tower
07:15 Guard Tower
08:20 Castle
09:38 Gryphon Aviary
09:41 Gryphon Aviary
09:47 Blacksmith
10:58 Farm
11:05 Farm
11:45 Farm
16:59 Town Hall
18:43 Scout Tower
18:44 Scout Tower
19:29 Guard Tower
19:41 Scout Tower
19:45 Scout Tower
22:17 Guard Tower
22:21 Scout Tower
22:43 Arcane Vault
23:08 Farm
24:10 Guard Tower
24:24 Workshop
24:52 Town Hall
28:26 Scout Tower
28:27 Scout Tower
28:29 Scout Tower
28:32 Scout Tower
» items
| Scroll of Regeneration | 4 | |
| Boots of Speed | 1 | |
| Staff of Teleportation | 1 | |
| Potion of Invisibility | 2 | |
| Scroll of Town Portal | 3 | |
| Lesser Clarity Potion | 3 | |
| Potion of Healing | 1 | |
| Scroll of Healing | 1 | |
16 total

»
xHaji27 (
yellow | 38 APM | 668 actions | 17:40)
3 Keeper of the Grove
1 Force of Nature
2 Entangling Roots
» actions
| Assign group hotkey | 15 | |
| Basic commands | 29 | |
| Build / train | 31 | |
| Enter build submenu | 16 | |
| Enter hero's abilities submenu | 3 | |
| Right click | 181 | |
| Select / deselect | 172 | |
| Select group hotkey | 180 | |
| Use ability | 40 | |
668 total
» units
» buildings
| Altar of Elders | 1 | |
| Moon Well | 3 | |
| Hunter's Hall | 1 | |
| Ancient Protector | 4 | |
| Tree of Life | 2 | |
| Ancient of War | 1 | |
12 total
» build order
00:07 Altar of Elders
00:11 Moon Well
01:18 Hunter's Hall
01:36 Moon Well
02:22 Ancient Protector
02:34 Moon Well
02:49 Ancient Protector
04:59 Tree of Life
05:43 Ancient of War
10:27 Ancient Protector
11:49 Ancient Protector
14:35 Tree of Life
» items
bernam (
blue | 22 APM | 703 actions | 31:27)
3 Mountain King
1 Thunder Clap
1 Storm Bolt
1 Bash
2 Paladin
1 Holy Light
1 Devotion Aura
1 Archmage
1 Summon Water Elemental
» actions
| Basic commands | 12 | |
| Build / train | 50 | |
| Enter build submenu | 19 | |
| Enter hero's abilities submenu | 6 | |
| Remove unit from queue | 4 | |
| Right click | 268 | |
| Select / deselect | 293 | |
| Use ability | 51 | |
703 total
» units
| Peasant | 9 | |
| Footman | 3 | |
| Rifleman | 2 | |
| Knight | 3 | |
| Gryphon Rider | 1 | |
18 total
» upgrades
| Defend | 1 | |
| Masonry | 2 | |
| Long Rifles | 1 | |
| Swords | 1 | |
| Plating | 1 | |
| Lumber Harvesting | 1 | |
| Storm Hammers | 1 | |
| Animal War Training | 1 | |
9 total
» buildings
| Altar of Kings | 1 | |
| Farm | 6 | |
| Barracks | 2 | |
| Lumber Mill | 1 | |
| Blacksmith | 1 | |
| Arcane Vault | 1 | |
| Keep | 1 | |
| Town Hall | 1 | |
| Castle | 1 | |
| Gryphon Aviary | 1 | |
16 total
» build order
00:08 Altar of Kings
00:28 Farm
00:43 Barracks
01:10 Farm
01:43 Lumber Mill
02:08 Blacksmith
02:11 Arcane Vault
02:54 Farm
03:42 Barracks
04:16 Keep
05:54 Farm
07:56 Town Hall
09:06 Castle
11:24 Gryphon Aviary
11:47 Farm
13:21 Farm
» items
| Scroll of Regeneration | 2 | |
| Lesser Clarity Potion | 1 | |
| Scroll of Healing | 1 | |
4 total
ANGRYGAYMAN (
purple | 4 APM | 137 actions | 31:27)
1 Archmage
1 Blizzard
» actions
| Assign group hotkey | 1 | |
| Basic commands | 6 | |
| Build / train | 13 | |
| Enter build submenu | 3 | |
| Enter hero's abilities submenu | 1 | |
| Right click | 50 | |
| Select / deselect | 26 | |
| Select group hotkey | 29 | |
| Use ability | 8 | |
137 total
» units
» buildings
» build order
00:14 Altar of Kings
00:22 Altar of Kings
00:41 Farm
Chat log
(00:11 / Allies) bernam: lol
(00:23 / All) bernam: 4x3?
(00:35 / All) ANGRYGAYMAN: im about to make it 4x3
(00:43 / All) jawdji9awjidawj: How?
(00:48 / All) ANGRYGAYMAN: tking is my game
(00:52 / All) jawdji9awjidawj: Tker gg
(00:54 / All) ANGRYGAYMAN: dont you worry
(00:55 / All) jawdji9awjidawj: Hate those fags
(00:57 / All) ANGRYGAYMAN: ill make it fai
(00:58 / All) ANGRYGAYMAN: fair
(00:58 / All) ThunderKiss: Hard to militia Tp
(01:11 / All) ANGRYGAYMAN: nah not too hard
(01:14 / All) ThunderKiss: I almost defeated it and hadn't played in 2 years
(01:15 / All) ANGRYGAYMAN: theres a NE over here
(01:16 / All) ThunderKiss: You suck bro
(01:22 / All) ANGRYGAYMAN: be an NE and uw ont stop me
(01:26 / All) ANGRYGAYMAN: only one who can is orc and human
(01:34 / All) ANGRYGAYMAN: NE and undead cant do shit
(01:40 / All) ANGRYGAYMAN: anyways, im tking yellow, an NE
(01:41 / All) ThunderKiss: You aren't even good at getting 12 militia and an arch mage and tping
(01:48 / All) ANGRYGAYMAN: i think ur that bitch i tked
(01:50 / All) ANGRYGAYMAN: lastgame
(01:53 / All) ANGRYGAYMAN: spiderboy
(01:53 / All) jawdji9awjidawj: He's awful, sent all 5 peasants to speed build altar
(01:59 / All) ThunderKiss: You're lucky on that one
(02:06 / All) ANGRYGAYMAN: your typing gave it away
(02:12 / All) ANGRYGAYMAN: you gonna cry
(02:19 / All) ANGRYGAYMAN: shed me some tears
(02:19 / All) jawdji9awjidawj: Try me, faggot
(02:21 / All) ANGRYGAYMAN: you ltitle bitch
(02:21 / All) ThunderKiss: Yeah man I'm tearing up
(02:28 / All) ANGRYGAYMAN: i figured
(02:29 / All) ThunderKiss: The "you mad" meme is devastating me
(02:36 / Allies) bernam: rush?
(02:38 / All) ANGRYGAYMAN: you cry so much you switched to another account
(02:44 / All) ANGRYGAYMAN: qq lose too much
(02:48 / All) jawdji9awjidawj: 0-0 to match each other dumbass
(02:49 / All) ThunderKiss: I always play 0-0 accounts doofus
(02:54 / All) ANGRYGAYMAN: mad bro
(02:56 / All) ANGRYGAYMAN: dont be mad
(03:02 / All) jawdji9awjidawj: I can't play you if I'm on my 40-10 account purple
(03:06 / All) ANGRYGAYMAN: you jelly hater
(03:36 / All) jawdji9awjidawj: A life for a life, purple
(03:38 / All) ANGRYGAYMAN: gg
(03:40 / All) jawdji9awjidawj: You killed yellow and now you die
(03:46 / All) ANGRYGAYMAN: that's fai
(03:47 / All) ANGRYGAYMAN: fair
(03:50 / All) ANGRYGAYMAN: i dont mind
(04:00 / All) ANGRYGAYMAN: it's all part of the plan anyways
(04:17 / All) jawdji9awjidawj: Yellow raped you with 1 hero and a tower
(04:19 / All) ANGRYGAYMAN: afk
(04:23 / All) ANGRYGAYMAN: have fun
(04:26 / All) jawdji9awjidawj: K i will
(05:08 / Allies) bernam: lets kill tose bastars
(05:21 / Allies) bernam: forget him
(05:22 / Allies) jawdji9awjidawj: We need to be ready for rushes
(05:35 / Allies) xHaji27: i dont have a base
(05:38 / Allies) xHaji27: im workin on it
(09:16 / Allies) xHaji27: u guys gonna tp if they come?
(09:35 / Allies) jawdji9awjidawj: going to harass
(12:07 / Allies) jawdji9awjidawj: shit 1 sec 1 more gryphon
(12:15 / Allies) xHaji27: typ
(14:24 / Allies) xHaji27: lumber plz
(14:50 / Allies) jawdji9awjidawj: I'll creep for you
(16:08 / All) ThunderKiss: Poor blue lawl
(16:09 / All) bernam: gg
(16:14 / Allies) jawdji9awjidawj: we haven't lost yet
(16:17 / Allies) jawdji9awjidawj: Teal is stabbing
(16:19 / Allies) jawdji9awjidawj: I know him
(16:23 / Allies) xHaji27: wat is blue doing?
(16:26 / All) ThunderKiss: He's level 23 solo 50%
(16:29 / All) ThunderKiss: didn't win a single battle
(17:02 / All) bernam: my team sucks
(17:18 / All) jawdji9awjidawj: Do you want this win or not faggot?
(17:22 / All) xHaji27: i got bsed wtf
(17:25 / All) jawdji9awjidawj: You are 424-422 that is laughable
(17:29 / All) bernam: we had too faggots allies
(17:39 / All) jawdji9awjidawj: Whom? Angry gay man was the only
(17:43 / All) jawdji9awjidawj: He stabbed and I killed him
(17:45 / Allies) jawdji9awjidawj: Do not leave
(17:46 / Allies) jawdji9awjidawj: We have this
(17:58 / Allies) ANGRYGAYMAN: you donthave shit loser
(17:59 / Allies) ANGRYGAYMAN: LOL
(18:01 / Allies) ANGRYGAYMAN: U FOOL
(18:01 / Allies) bernam: how?
(18:03 / Allies) jawdji9awjidawj: Teal does
(18:05 / Allies) jawdji9awjidawj: He is stabbing
(18:06 / Allies) jawdji9awjidawj: Right now
(18:10 / Allies) ANGRYGAYMAN: im sure he is
(18:18 / Allies) jawdji9awjidawj: Yep, watch replay dumb nigger
(18:26 / Allies) ANGRYGAYMAN: mad?
(18:28 / Allies) ANGRYGAYMAN: cuz you lose
(18:38 / Allies) jawdji9awjidawj: nope because we haven't
(18:51 / Allies) ANGRYGAYMAN: you willl
(18:53 / Allies) ANGRYGAYMAN: mark my wods
(18:55 / Allies) ANGRYGAYMAN: words
(18:59 / Allies) ANGRYGAYMAN: u little MEXICANO
(19:46 / Allies) bernam: take that
(19:50 / Allies) jawdji9awjidawj: ty for resources
(20:10 / Allies) bernam: make diferte units
(20:22 / Allies) jawdji9awjidawj: See?
(20:24 / Allies) jawdji9awjidawj: Teal on our side
(20:31 / Allies) bernam: bak
(20:44 / Allies) bernam: good
(21:08 / Allies) bernam: beatiful
(21:09 / All) jawdji9awjidawj: You niggers lost 1v4
(21:13 / Allies) jawdji9awjidawj: I told you blue
(21:18 / Allies) bernam: beautiful
(22:27 / Allies) bernam: create the other flying too
(22:38 / Allies) bernam: find the bases
(22:40 / Allies) jawdji9awjidawj: No vault, it died
(23:05 / Allies) bernam: go
(23:10 / Allies) jawdji9awjidawj: Waiting for hero
(23:20 / Allies) bernam: move the fenix too
(23:51 / Allies) bernam: fasms
(23:52 / All) jawdji9awjidawj: What happened to us losing, blue? You were so confident
(24:47 / Allies) bernam: more mine
(25:28 / All) jawdji9awjidawj: Not smart, dan
(25:35 / All) dansmart24: OHHHHH!!
(25:38 / All) dansmart24: FUCK MAN!!
(25:41 / All) dansmart24: GOOD ONE!
(25:46 / All) jawdji9awjidawj: I know, I googled it
(25:48 / All) dansmart24: ...................
(26:17 / Allies) bernam: fenix
(26:17 / All) ThunderKiss: too risky to stay
(26:21 / All) ThunderKiss: you're on your own man
(26:32 / Allies) bernam: fenix
(26:36 / Allies) jawdji9awjidawj: stfu
(26:40 / All) ThunderKiss: He wasn't cognizant of my TKing
(26:45 / All) ThunderKiss: He was calling me a pussy for running
(26:51 / All) jawdji9awjidawj: Lol
(26:53 / All) ThunderKiss: Then final battle I begged to redeem myself
(26:57 / All) jawdji9awjidawj: He never noticed you said in private chat
(26:58 / All) ThunderKiss: he pinged and said "meet"
(26:59 / All) jawdji9awjidawj: What a moron
(27:25 / All) ThunderKiss: Want to make Angrygayman WIN?
(27:34 / All) jawdji9awjidawj: No idea, though it would surprise him I'm sure
(27:45 / All) jawdji9awjidawj: Blue is decent and I wouldn't mind him winning
(27:49 / All) jawdji9awjidawj: Though he did try to backseat game me
(27:50 / All) ThunderKiss: Lawl he isn't
(27:51 / Allies) bernam: make one more hero?
(27:52 / All) ThunderKiss: Watch replay
(27:59 / All) ThunderKiss: our engagements
(28:14 / All) ThunderKiss: He got raped and he has 800 solo games under his belt
(28:24 / All) ThunderKiss: I've probably not played more than 200 games since 2002
(28:45 / All) ThunderKiss: But he has a lousy team record anyway
(28:48 / All) ThunderKiss: 31-39
(28:51 / All) jawdji9awjidawj: Wow
(28:56 / All) ThunderKiss: So we'll just let blue win
(29:01 / All) jawdji9awjidawj: Ok
(29:03 / All) ThunderKiss: So that way fagboy gets a win too
(29:13 / All) ThunderKiss: He's completely impotent
(29:18 / All) ThunderKiss: IT's not hard to make your team lose
(29:21 / All) ThunderKiss: You don't even have to play
(29:50 / Allies) bernam: cloud
(29:53 / Allies) jawdji9awjidawj: Duh
(30:13 / All) ThunderKiss: Oh
(30:14 / Allies) bernam: lol
(30:17 / Allies) jawdji9awjidawj: ?
(30:20 / All) ThunderKiss: Why am I killign my own stuff I can just leave lol
(30:21 / Allies) jawdji9awjidawj: What's funny?
(30:26 / All) ThunderKiss: Alright
(30:36 / All) ThunderKiss: Does purple still have a hero
(30:40 / All) jawdji9awjidawj: No
(30:46 / All) ThunderKiss: Gg blue
(30:51 / All) ThunderKiss: watch our engagements in replay
(30:58 / All) ThunderKiss: north of the map, he tried to expo my side
(31:04 / All) ThunderKiss: I stole it with fewer troops
(31:17 / All) ThunderKiss: he had 2 heroes to 1 majority of the first skirmish
(31:24 / All) ThunderKiss: then I come up with a MK rapes his pally